Map: Abyssal Reef LE

Players

TooDming - Winner!

  • Race: Zerg Zerg
  • Spawn Location: 5:00

daydrA

  • Race: Zerg Zerg
  • Spawn Location: 11:00

Event: WCS Austin 2017

VOD

Have the link to the VOD?

Description

Time

  • Played on: April 28, 2017, 4:34 p.m.
  • Length: 6:35

All games in this series

Show
View Real Time Build Order
Export as new Build Order

TooDming Zerg - Winner!

Build Orders: Hatch First, Zergling Baneling 

Get SALT Encoding   

  12  0:00  Drone  
  13  0:08  Drone  
  14  0:18  Overlord  
  14  0:22  Drone, Extractor  
  15  0:36  Drone  
  16  0:48  Hatchery  
  15  0:51  Drone  
  15  0:55  Drone  
  17  0:58  Drone  
  18  1:10  Extractor  
  17  1:14  Spawning Pool  
  17  1:17  Drone  
  17  1:21  Drone  
  18  1:26  Drone  
  19  1:42  Overlord  
  19  2:00  Queen  
  19  2:01  Queen  
  21  2:02  Drone x2  
  21  2:03  Drone  
  26  2:09  Metabolic Boost  
  26  2:13  Zergling x4  
  28  2:21  Drone x2  
  30  2:37  Baneling Nest  
  30  2:40  Drone x2  
  31  2:46  Overlord  
  31  2:57  Drone  
  32  2:59  Hatchery  
  32  3:00  Drone  
  32  3:02  Zergling x2  
  33  3:09  Zergling x4  
  33  3:10  Zergling x2  
  36  3:18  Zergling x6  
  39  3:20  Baneling  
  39  3:21  Baneling  
  39  3:22  Baneling x2  
  39  3:27  Zergling x2  
  39  3:30  Zergling x2  
  27  3:42  Zergling x4  
  27  3:47  Zergling x2  
  26  3:53  Zergling x2  
  27  3:59  Zergling x2  
  28  4:07  Baneling x2  
  28  4:09  Zergling x2  
  30  4:10  Zergling x2  
  30  4:11  Zergling x2  
  30  4:15  Zergling x2  
  32  4:18  Zergling x2  
  32  4:22  Zergling x2  
  33  4:26  Zergling x2  
  33  4:31  Zergling x4  
  32  4:35  Zergling x2  
  26  4:41  Drone  
  25  4:49  Baneling x3  
  25  4:54  Drone  
  26  5:04  Zergling x4  
  28  5:17  Baneling x2  
  28  5:18  Queen  
  30  5:24  Zergling x2  
  30  5:29  Zergling x2  
  30  5:32  Zergling x2  
  31  5:36  Zergling x2  
  31  5:40  Zergling x2  
  28  5:43  Zergling x2  
  26  5:54  Zergling x2  
  15  6:17  Zergling x2  
Show
View Real Time Build Order
Export as new Build Order

daydrA Zerg 

Build Orders: Pool First 

Get SALT Encoding   

  12  0:05  Drone  
  13  0:12  Overlord  
  13  0:17  Drone  
  14  0:31  Drone  
  14  0:32  Drone  
  16  0:38  Drone  
  17  0:45  Extractor  
  17  0:47  Spawning Pool  
  15  0:51  Drone  
  16  1:15  Hatchery  
  15  1:18  Drone  
  15  1:22  Drone  
  17  1:36  Queen  
  19  1:41  Zergling x2  
  20  1:47  Metabolic Boost  
  20  1:57  Zergling x2  
  21  2:05  Overlord  
  21  2:10  Zergling x2  
  21  2:13  Baneling Nest  
  21  2:18  Zergling x2  
  22  2:26  Zergling x2  
  23  2:32  Zergling x4  
  25  2:38  Zergling x2  
  25  2:42  Zergling x2  
  25  2:44  Zergling x4  
  28  2:49  Zergling x2  
  29  2:52  Zergling x2  
  29  2:56  Zergling x2  
  31  3:01  Zergling x2  
  33  3:05  Zergling x2  
  33  3:13  Zergling x2  
  33  3:16  Zergling x2  
  35  3:24  Baneling x2  
  33  3:31  Zergling x4  
  33  3:32  Zergling x2  
  33  3:33  Zergling x2  
  36  3:36  Zergling x2  
  28  3:42  Zergling x2  
  28  3:47  Zergling x2  
  29  3:50  Zergling x2  
  30  3:58  Zergling x2  
  30  4:02  Baneling x2  
  30  4:03  Baneling x2  
  30  4:05  Zergling x2  
  31  4:10  Zergling x2  
  31  4:14  Zergling x2  
  32  4:18  Zergling x2  
  31  4:27  Zergling x2  
  28  4:31  Zergling x2  
  27  4:38  Zergling x2  
  27  4:39  Zergling x2  
  27  4:42  Zergling x2  
  27  4:45  Zergling x2  
  29  4:49  Zergling x2  
  30  4:59  Zergling x4  
  31  5:02  Zergling x2  
  32  5:12  Zergling x4  
  32  5:14  Zergling x2  
  34  5:20  Baneling x2  
  34  5:22  Zergling x2  
  33  5:32  Zergling x2  
  12  6:04  Drone  
  12  6:14  Drone  
Tags
 
Add a new tag
Caveats
  • Supply blocks, unpowered buildings, or Contaminate may cause inaccurate times.
  • Supply counts are checked every 10 seconds.